 Dungeon Crawl Stone Soup version 0.30-a0-739-gea05faddec (webtiles) character file.

Game seed: 15368932161796403234

74 KleinerIrrer the Sneak (level 4, -8/31 HPs)
             Began as an Octopode Delver on Feb 4, 2023.
             Mangled by an ogre
             ... wielding a +0 giant club
              (13 damage)
             ... on level 5 of the Dungeon.
             The game lasted 00:01:18 (337 turns).

KleinerIrrer the Sneak (Octopode Delver)             Turns: 337, Time: 00:01:18

Health: -8/31      AC:  1    Str: 13    XL:     4   Next: 30%
Magic:  4/4        EV: 13    Int: 12    God:
Gold:   6          SH:  0    Dex: 13    Spells: 3/3 levels left

rFire   . . .      SeeInvis .      - Unarmed
rCold   . . .      Faith    .    (no shield)
rNeg    . . .      Spirit   .    (helmet restricted)
rPois   .          Reflect  .    (no amulet)
rElec   .          Harm     .    (no ring)
rCorr   .          Rampage  .    (no ring)
Will    .....                    (no ring)
Stlth   ++++                     (no ring)
HPRegen 0.25/turn                (no ring)
MPRegen 0.09/turn                (no ring)
                                 (no ring)
                                 (no ring)

@: no status effects
A: almost no armour, amphibious, 8 rings, camouflage 1, gelatinous body 1,
(nimble swimmer 1), tentacles
a: no special abilities


You were on level 5 of the Dungeon.
You visited 1 branch of the dungeon, and saw 1 of its levels.

You collected 6 gold pieces.

Inventory:

Wands
 e - a wand of digging (3)
Scrolls
 a - 2 scrolls of fog
 b - a scroll of magic mapping
 c - a scroll of fear
 f - a scroll of blinking {unknown}
Potions
 d - a potion of haste


   Skills:
 - Level 3.0 Fighting
 - Level 2.0 Dodging
 - Level 6.6 Stealth
 + Level 4.4 Unarmed Combat


You had 3 spell levels left.
You didn't know any spells.
Your spell library was empty.

Dungeon Overview and Level Annotations

Branches:
Dungeon (5/15)
 Temple: D:4-7

Altars:


Innate Abilities, Weirdness & Mutations

You cannot wear most types of armour.
You are amphibious.
You can wear up to eight rings at the same time.
Your skin changes colour to match your surroundings (Stealth+).
Your rubbery body absorbs attacks. (AC +1, EV +1)
((You are camouflaged when in or above water. (Stealth+)))
You have tentacles for arms and can constrict up to eight enemies at once.


Message History

A gnoll comes into view. It is wielding a +0 whip of venom.
You see here a jackal corpse.
You barely miss the gnoll. You grab the gnoll. You constrict the gnoll.
The gnoll hits you with a +0 whip of venom!
You are poisoned.
You tentacle-slap the gnoll. You squeeze the gnoll.
The gnoll is heavily wounded.
You constrict the gnoll.
You feel very sick. The gnoll closely misses you.
You tentacle-slap the gnoll.
The gnoll is almost dead.
You constrict the gnoll, but do no damage.
You feel sick. The gnoll closely misses you.
You barely miss the gnoll.
The gnoll is almost dead.
You constrict the gnoll.
You kill the gnoll!
You feel sick.
Autopickup is now off.
You start resting.
You feel sick. x5
You are no longer poisoned.
There is an escape hatch in the floor here.
You start resting.
HP restored.
Found a black potion and 2 scrolls labelled ERIENO YKHLEOSCH.
An ogre comes into view. It is wielding a +0 giant club.
Found 9 stones.
An adder comes into view.
You bludgeon the ogre!
The ogre is moderately wounded.
You tentacle-slap the ogre but do no damage.
The ogre is moderately wounded.
The ogre hits you with a +0 giant club!!
Ouch! That really hurt!
* * * LOW HITPOINT WARNING * * *
You bludgeon the ogre!
The ogre is heavily wounded.
The ogre hits you with a +0 giant club!
You die...

#...##.##.............#
#...##.###..##.........
#...##.# ##.##........†
####...##.#
#..#.######..
#..........# ##>..# #..
#..........# #.### #..
#..........# #.# #..
#S........O# #.# ###
#.....!...@# #.#
#.........?# #.#
#.........## #..
.(.......# ###
........# #########


You could see an ogre.

Vanquished Creatures
  A hound (D:5)
  2 gnolls (D:5)
  2 adders (D:5)
  4 jackals (D:5)
9 creatures vanquished.

Notes
Turn   | Place    | Note
-------+----------+-------------------------------------------
     0 | D:5      | KleinerIrrer the Octopode Delver began the quest for the
                  | Orb.
     0 | D:5      | Reached XP level 1. HP: 16/16 MP: 1/1
    14 | D:5      | Reached XP level 2. HP: 14/21 MP: 2/2
    84 | D:5      | Reached XP level 3. HP: 20/26 MP: 3/3
   162 | D:5      | Reached XP level 4. HP: 22/31 MP: 4/4
   318 | D:5      | Noticed an ogre
   337 | D:5      | Mangled by an ogre

Illustrated notes

Levels and vault maps discovered:
D:5:      lemuel_castle_with_subvaults [lemuel_castle_interior_carwin_1],
          layout_basic, serial_shops, kennysheep_mini_moat, uniq_duvessa

Skill      XL: |  1  2  3 |
---------------+----------+-----
Unarmed Combat | 3 4 |  4.4
Fighting       | |  3.0
Dodging        | |  2.0
Stealth        | |  6.6

Action                     |  1- 3 |  4- 6 || total
---------------------------+-------+-------++-------
  Melee: Unarmed           |    15 |    14 ||    29
         Tentacles         |     6 |     4 ||    10
         Constrict         |     3 |     5 ||     8
 Armour: Skin              |       |     1 ||     1
  Dodge: Dodged            |     8 |    10 ||    18

Table legend: (Time is in decaauts)
 A = Elapsed time spent in this place.
 B = Non-inter-level travel time spent in this place.
 C = Inter-level travel time spent in this place.
 D = Time resting spent in this place.
 E = Time spent auto-exploring this place.
 F = Levels seen in this place.
 G = Mean time per level.
                   A        B        C        D        E       F      G
               +--------+--------+--------+--------+--------+-----+--------+
         Total |    334 |    246 |     88 |    171 |      0 |   1 |  334.0 |
       Dungeon |    334 |    246 |     88 |    171 |      0 |   1 |  334.0 |
               +--------+--------+--------+--------+--------+-----+--------+

Top non-repeatable levels by time:
     D:5: 334 daAuts
